 Dungeon Crawl Stone Soup version 0.32-a0-975-g85d4e5bfdb (webtiles) character file.

Game seed: 11870252706824712370

157167 jasper the Wrestler (level 17, -2/174 HPs)
             Began as a Troll Fighter on Apr 19, 2024.
             Was a High Priest of Wu Jian.
             Slain by a salamander
             ... wielding a +0 halberd
              (4 damage)
             ... on level 4 of the Snake Pit.
             The game lasted 00:41:08 (25106 turns).

jasper the Wrestler (Troll Fighter)                Turns: 25106, Time: 00:41:09

Health: -2/174     AC: 12    Str: 30    XL:     17   Next: 11%
Magic:  25/25      EV:  9    Int:  6    God:    Wu Jian [*****.]
Gold:   1191       SH: 22    Dex: 13    Spells: 16/16 levels left

rFire   + +          .
                       - Unarmed
rCold   . . .        b - +3 kite shield
rNeg    + . .        d - +2 animal skin
rPois   +            r - +1 hat of Servitude {rN+}
rElec   .            I - +2 cloak
rCorr   .            (gloves unavailable)
SInv    .            (boots unavailable)
Will    +....        c - amulet of reflection
Stlth   +            G - ring of the Octopus King {HP+2 MP+9 AC+2 EV+2 SH+2}
HPRegen 1.29/turn    g - ring of Qekhos {Wiz *Corrode rPois rF++ Int+2}
MPRegen 0.19/turn

%: corrode self (3%), reflection, wizardry (x1)
@: weakened, untranslocatable, in a heavenly storm, glowing, constricted
A: large, unfitting armour, claws 3, regeneration 1, shaggy fur 1, tough skin 1
a: Renounce Religion, Wall Jump, Serpent's Lash, Heavenly Storm


You were on level 4 of the Snake Pit.
You worshipped Wu Jian.
Wu Jian was extremely pleased with you.
You visited 5 branches of the dungeon, and saw 27 of its levels.
You also visited: Ossuary and Gauntlet.

You collected 2495 gold pieces.
You spent 1304 gold pieces at shops.

Inventory:

Missiles
 k - 4 javelins
 t - 5 curare-tipped darts
 y - 10 datura-tipped darts
 z - 2 throwing nets
 L - 19 boomerangs (quivered)
Armour
 b - a +3 kite shield (worn)
 d - a +2 animal skin (worn)
 r - the +1 hat of Servitude (worn) {rN+}
   (You acquired it on level 4 of the Dungeon)

   rN+:       It protects you from negative energy.
 H - a +2 hat of willpower
 I - a +2 cloak (worn)
 T - a scarf of resistance
Jewellery
 a - a ring of protection from cold
 c - an amulet of reflection (around neck)
 g - the ring of Qekhos (right claw) {Wiz *Corrode rPois rF++ Int+2}
   (You acquired it on level 2 of the Dungeon)

   [ring of wizardry]

   Wiz:       It improves your spell success rate.
   Int+2:     It affects your intelligence (+2).
   rF++:      It greatly protects you from fire.
   rPois:     It protects you from poison.
   *Corrode:  It may corrode you when you take damage.
 n - a ring of protection from fire
 G - a ring of the Octopus King (left claw) {HP+2 MP+9 AC+2 EV+2 SH+2}
   (You found it on level 7 of the Dungeon)

   [ring of magical power]

   AC+2:      It affects your AC (+2).
   EV+2:      It affects your evasion (+2).
   HP+2:      It affects your health (+2).
   MP+9:      It affects your magic capacity (+9).
   SH+2:      It affects your SH (+2).
 N - a ring of ice
 Q - a ring of flight
 S - a ring of see invisible
 U - the ring of Due Proportion {Int+5 Dex+2 Slay+4}
   (You found it in a Gauntlet)

   [ring of slaying]

   Int+5:     It affects your intelligence (+5).
   Dex+2:     It affects your dexterity (+2).
   Slay+4:    It affects your accuracy & damage with ranged weapons and melee
   (+4).
 V - a ring of wizardry
Talismans
 i - a granite talisman
Wands
 l - a wand of flame (43)
 E - a wand of roots (3)
 F - a wand of mindburst (20)
 P - a wand of polymorph (10)
 W - a wand of paralysis (15)
Scrolls
 e - 7 scrolls of noise
 m - 3 scrolls of blinking
 o - 2 scrolls of torment
 s - 7 scrolls of identify
 u - 3 scrolls of silence
 w - 7 scrolls of immolation
 A - 12 scrolls of teleportation
 B - 4 scrolls of amnesia
 D - 3 scrolls of fear
 K - a scroll of fog
 O - 2 scrolls of revelation
 Y - 2 scrolls of poison
Potions
 f - 3 potions of enlightenment
 h - 4 potions of heal wounds
 j - 7 potions of mutation
 p - a potion of cancellation
 q - 11 potions of haste
 v - 2 potions of brilliance
 x - 13 potions of curing
 C - 4 potions of attraction
 J - 5 potions of invisibility
 M - 3 potions of ambrosia
 R - 2 potions of resistance
 X - 3 potions of lignification
Miscellaneous
 Z - a sack of spiders


   Skills:
 - Level 12.1 Fighting
 - Level 10.0 Dodging
 - Level 13.2 Shields
 - Level 21.0 Unarmed Combat
 + Level 10.3 Shapeshifting


You had 16 spell levels left.
You didn't know any spells.
Your spell library contained the following spells:

 Spells                   Type           Power      Damage    Failure   Level
 Apportation              Tloc           0%         N/A       28%         1
 Necrotise                Necr           0%         1d4       28%         1
 Slow                     Hex            0%         N/A       28%         1
 Sting                    Conj/Alch      0%         1d3       28%         1
 Summon Small Mammal      Summ           0%         N/A       28%         1
 Call Imp                 Summ           0%         N/A       38%         2
 Cigotuvi's Dreadful Rot  Necr/Alch/Air  0%         N/A       38%         2
 Sublimation of Blood     Necr           0%         N/A       38%         2
 Call Canine Familiar     Summ           0%         N/A       61%         3
 Confusing Touch          Hex            0%         N/A       61%         3
 Dazzling Flash           Conj/Hex       0%         N/A       61%         3
 Sigil of Binding         Hex            0%         N/A       61%         3
 Stone Arrow              Conj/Erth      0%         3d7       61%         3
 Tukima's Dance           Hex            0%         N/A       61%         3
 Vampiric Draining        Necr           0%         2d6       61%         3
 Animate Armour           Summ/Erth      0%         N/A       94%         4
 Dimensional Bullseye     Hex/Tloc       0%         N/A       94%         4
 Leda's Liquefaction      Alch/Erth      0%         N/A       94%         4
 Petrify                  Alch/Erth      0%         N/A       94%         4
 Summon Blazeheart Golem  Fire/Summ      0%         N/A       94%         4
 Summon Lightning Spire   Summ/Air       0%         N/A       94%         4
 Arcjolt                  Conj/Air       0%         1d10      100%        5
 Curse of Agony           Necr           0%         N/A       100%        5
 Irradiate                Conj/Alch      0%         3d11      100%        5
 Lee's Rapid Deconstruct  Erth           0%         3d4*      100%        5
 Metabolic Englaciation   Hex/Ice        0%         N/A       100%        5
 Summon Forest            Summ/Tloc      0%         N/A       100%        5
 Summon Mana Viper        Hex/Summ       0%         N/A       100%        5
 Yara's Violent Unravell  Hex/Alch       0%         3d3       100%        5
 Permafrost Eruption      Ice/Erth       0%         2x4d1     100%        6
 Summon Cactus Giant      Summ           0%         N/A       100%        6
 Rimeblight               Ice/Necr       0%         2d3       (prima100%   7
 Seismic Cannonade        Alch/Erth      0%         6d4       100%        7
 Summon Hydra             Summ           0%         N/A       100%        7
 Fulsome Fusillade        Conj/Alch      0%         (3-5)d4   100%        8
 Lehudib's Crystal Spear  Conj/Erth      0%         10d2      100%        8
 Maxwell's Capacitive Co  Air            0%         ∞         100%        8


Dungeon Overview and Level Annotations

Branches:
Dungeon (15/15)            Temple (1/1) D:6            Lair (5/5) D:11
  Swamp (0/4) Lair:2        Snake (4/4) Lair:3        Slime (0/5) Lair:4
    Orc (2/2) D:11            Elf (0/3) Orc:2        Vaults (0/5) D:13
 Depths (0/4) D:15        Ossuary (visited)         Gauntlet (visited)

Altars:
Ashenzari
Cheibriados
Dithmenos
Elyvilon
Fedhas
Gozag
Hepliaklqana
Kikubaaqudgha
Makhleb
Nemelex Xobeh
Okawaru
Qazlal
Ru
Sif Muna
Trog
Uskayaw
Vehumet
Wu Jian
Xom
Yredelemnul
Zin
The Shining One
Jiyva

Shops:
Orc:2 *(:*   Snake:1 ==:   Snake:2 ([!=   Snake:4 [[!

Annotations:
Lair:2 1 runed translucent door, exclusion: oklob plant, markshark's ghost, journeyman MiFi
Lair:4 3 runed translucent doors, Ahar's ghost, journeyman HONe; Palemoclump's ghost, journeyman MiFi; jasper's ghost, journeyman TrFi
Orc:2 3 runed translucent doors, NotBatman's ghost, journeyman TrFi


Innate Abilities, Weirdness & Mutations

You are too large for most types of armour.
You have claws for hands.
Your natural rate of healing is unusually fast.
You are covered in fur. (AC +1)
You have tough skin. (AC +1)


Message History

* * * LOW HITPOINT WARNING * * *
You are engulfed in flames.
You resist.
* * * LOW HITPOINT WARNING * * *
The nagaraja completely misses you. The nagaraja constricts you.
* * * LOW HITPOINT WARNING * * *
The salamander mystic barely misses you.
You block the salamander's attack.
You take 21 damage, and have 17/174 hp.
Blink to where?
Press: ? - help, Dir - move target, f - you
Okay, then.
Unknown command.
You feel much better. You block the salamander's attack.
The nagaraja points at you and mumbles some strange words.
You feel firmly anchored in space. The nagaraja constricts you!
* * * LOW HITPOINT WARNING * * *
You block the salamander mystic's attack.
The salamander hits you with a +0 halberd!
* * * LOW HITPOINT WARNING * * *
You are engulfed in flames.
You resist.
* * * LOW HITPOINT WARNING * * *
You block the salamander's attack. The nagaraja misses you.
The nagaraja constricts you.
* * * LOW HITPOINT WARNING * * *
You regained 8 hp, and now have 25/174 hp.
You feel much better.
You block the salamander mystic's attack.
The salamander hits you with a +0 halberd.
* * * LOW HITPOINT WARNING * * *
You are engulfed in flames.
You resist.
* * * LOW HITPOINT WARNING * * *
You block the salamander's attack. The nagaraja hits you with a +0 spear!
* * * LOW HITPOINT WARNING * * *
The nagaraja constricts you!
* * * LOW HITPOINT WARNING * * *
You block the salamander mystic's attack.
The salamander hits you with a +0 halberd!
* * * LOW HITPOINT WARNING * * *
You are engulfed in flames.
You resist.
You die...

#......# ##......#
#.N....<## #####§#......#
#≈§§..#..k...####
##§§≈.N#.........##
##§≈N.N##.....☼○○°○#
#§§N..##......kN☼○°##
≈≈≈N.##..÷....☼N@N○§##
§§§N##........☼☼N○☼§.##
≈..##.........§○○○☼§..##
..##............[......#
.#####........##.≈.....##
##.###......######......#
#...###...### ##.....#
#....##.....## #.....#
#............#######..).#


You could see a nagaraja (fast), a salamander mystic (fast), 2 salamanders and a
lindwurm.

Vanquished Creatures
  Vashnia (Snake:2)
  Jorgrun (Snake:2)
  Frances (Snake:2)
  Gastronok (D:12)
  Roxanne (Snake:2)
  2 nagarajas
  An eleionoma (Lair:2)
  A minotaur (Gauntlet)
  A fire dragon (Lair:5)
  Fannar (D:10)
  A ghost crab (Gauntlet)
  3 hydras
  A salamander tyrant (Snake:4)
  3 ogre magi
  17 two-headed ogres
  2 boulder beetles
  2 dancing weapons (D:13)
  7 anacondas
  4 centaur warriors
  3 tengu warriors
  A vampire mage (D:15)
  11 naga sharpshooters
  7 shock serpents
  16 naga warriors
  Amaemon (D:9)
  2 deep trolls (Orc:2)
  2 salamander mystics (Snake:4)
  7 skeletal warriors (D:15)
  7 mana vipers
  A spark wasp zombie (D:15)
  3 naga ritualists
  2 slime creatures (D:12)
  A necromancer (D:15)
  An orc knight (Orc:2)
  A lindwurm (Lair:5)
  A deep elf pyromancer (D:14)
  2 oklob plants
  2 obsidian bats
  20 ugly things
  An orc sorcerer (Orc:1)
  13 salamanders
  4 manticores
  3 cyclopes
  19 elephants
  4 kobold blastminers
  38 black mambas
  3 guardian serpents
  13 naga magi
  3 molten gargoyles (Lair:5)
  An orange demon (D:9)
  2 gargoyles
  A rime drake (Lair:5)
  A torpor snail (Lair:5)
  9 cane toads
  2 kobold demonologists
  9 komodo dragons
  2 tengu conjurers
  8 trolls
  A troll (shapeshifter) (D:14)
  A polar bear (shapeshifter) (D:13)
  3 polar bears
  A hornet (D:4)
  Grinder (D:6)
  8 blink frogs (Lair:2)
  A spriggan zombie (D:15)
  A raiju (shapeshifter) (D:15)
  A centaur simulacrum (D:12)
  2 vampires
  3 shadows
  2 water elementals (D:14)
  10 wyverns
  47 yaks
  Eustachio (D:6)
  9 basilisks
  3 fire bats (Lair:4)
  6 vampire mosquitoes
  A warg (Orc:2)
  Edmund (D:4)
  2 steam dragons
  Grum (D:9)
  45 nagas
  3 hell hounds (Lair:5)
  12 water moccasins
  2 acid dragons (Gauntlet)
  4 black bears
  18 orc warriors
  A swamp drake (Lair:2)
  A sky beast (D:8)
  2 laughing skulls (Gauntlet)
  24 ogres
  An ice beast (D:5)
  8 centaurs
  27 wolves
  3 kobold brigands
  An elf zombie (Ossuary)
  13 bullfrogs
  A gnoll sergeant (D:6)
  5 scorpions
  9 wights
  5 jellies
  12 electric eels
  3 howler monkeys
  5 lava snakes (Lair:5)
  3 centaur zombies (Ossuary)
  2 bombardier beetles
  5 hounds
  Crazy Yiuf (D:6)
  A gnoll bouda (D:4)
  6 human zombies (Ossuary)
  13 orc priests
  4 iguanas
  23 orc wizards
  A bullfrog simulacrum (Ossuary)
  3 mummies (Ossuary)
  6 adders
  17 gnolls
  3 white imps
  An ufetubus (D:5)
  5 dart slugs
  67 orcs
  6 endoplasms
  3 giant cockroaches
  4 goblins
  6 hobgoblins
  7 jackals (D:1)
  3 quokkas
  9 ball pythons
  8 bats
  4 frilled lizards
  23 kobolds
  A quokka zombie (D:5)
  4 rats
  A rat zombie (D:5)
829 creatures vanquished.

Vanquished Creatures (others)
  A naga warrior (Snake:4)
  A salamander mystic (Snake:4)
  A golden eye (shapeshifter) (D:8)
  A hell hound (Lair:5)
  An orc wizard (Orc:2)
  An orc (Orc:1)
6 creatures vanquished.

Grand Total: 835 creatures vanquished

Notes
Turn   | Place    | Note
-------+----------+-------------------------------------------
     0 | D:1      | jasper the Troll Fighter began the quest for the Orb.
     0 | D:1      | Reached XP level 1. HP: 22/22 MP: 0/0
   126 | D:1      | Reached XP level 2. HP: 29/29 MP: 1/1
   355 | D:1      | Reached XP level 3. HP: 33/36 MP: 2/2
   590 | D:1      | Found a faded altar of an unknown god.
   753 | D:2      | Identified the +8 sling of Nouff {freeze, rF+ Dex+3}
   929 | D:2      | Found a broken altar of Ashenzari.
  1162 | D:2      | Reached skill level 3 in Unarmed Combat
  1328 | D:2      | Identified the +3 sling "jasper's Foe" {freeze, rPois}
  1401 | D:2      | Identified 2 scrolls of acquirement
  1401 | D:2      | Acquired a +2 animal skin
  1413 | D:2      | Acquired the ring of Qekhos {Wiz *Corrode rPois rF++ Int+2}
  1477 | D:3      | Found a broken altar of Ashenzari.
  1568 | D:3      | You fall into a shaft and drop 3 floors!
  1675 | D:5      | Entered Level 5 of the Dungeon
  1697 | D:5      | Reached XP level 4. HP: 44/44 MP: 3/3
  1767 | D:5      | Found a burning altar of Makhleb.
  1845 | D:5      | Reached XP level 5. HP: 53/53 MP: 4/4
  1845 | D:5      | Found a sparkling altar of Nemelex Xobeh.
  1904 | D:5      | Found a sand-covered staircase.
  1923 | Ossuary  | Entered an ossuary
  1940 | Ossuary  | Reached skill level 4 in Unarmed Combat
  1951 | Ossuary  | Reached XP level 6. HP: 61/61 MP: 5/5
  2079 | Ossuary  | Reached skill level 5 in Unarmed Combat
  2079 | Ossuary  | Reached XP level 7. HP: 56/67 MP: 6/6
  2726 | D:4      | Reached skill level 6 in Unarmed Combat
  2789 | D:4      | Found an ornate altar of the Wu Jian Council.
  2926 | D:4      | Reached XP level 8. HP: 73/78 MP: 7/7
  3073 | D:4      | Noticed Edmund
  3082 | D:4      | Killed Edmund
  3091 | D:4      | Noticed a hornet
  3098 | D:4      | Killed a hornet
  3099 | D:4      | Reached skill level 5 in Shields
  3386 | D:4      | Found a hide-covered altar of Uskayaw.
  3566 | D:4      | Acquired the +1 hat of Servitude {rN+}
  3660 | D:5      | Reached skill level 7 in Unarmed Combat
  3666 | D:5      | Found a sacrificial altar of Ru.
  3667 | D:5      | Found a snail-covered altar of Cheibriados.
  4729 | D:6      | Found a shimmering altar of Xom.
  4805 | D:6      | Reached skill level 5 in Dodging
  4805 | D:6      | Reached XP level 9. HP: 87/87 MP: 8/8
  4813 | D:6      | Reached skill level 5 in Fighting
  4955 | D:6      | Noticed Eustachio
  4962 | D:6      | Killed Eustachio
  4963 | D:6      | Reached skill level 8 in Unarmed Combat
  5194 | D:6      | Found a staircase to the Ecumenical Temple.
  5203 | Temple   | Entered the Ecumenical Temple
  5367 | D:4      | Became a worshipper of the Wu Jian Council
  5476 | D:6      | Noticed Grinder
  5522 | D:6      | Killed Grinder
  5839 | D:6      | Found a runed translucent door.
  5840 | D:6      | Noticed Crazy Yiuf
  5848 | D:6      | Killed Crazy Yiuf
  6188 | D:7      | Found the ring of the Octopus King
  6199 | D:7      | Identified a ring of the Octopus King {HP+2 MP+9 AC+2 EV+2
                  | SH+2}
  7047 | D:8      | Found a hazy altar of Hepliaklqana.
  7223 | D:8      | Reached skill level 9 in Unarmed Combat
  7321 | D:8      | Reached * piety under Wu Jian
  7353 | D:8      | Noticed a centaur warrior
  7360 | D:8      | Killed a centaur warrior
  7361 | D:8      | Reached XP level 10. HP: 92/98 MP: 9/9
  7422 | D:8      | Identified the +4 battleaxe of Ezur {flame, Will+ Dex+5}
  7430 | D:8      | Noticed a deep elf pyromancer
  7434 | D:8      | Noticed a manticore
  7439 | D:8      | Killed a manticore
  7574 | D:9      | Noticed Grum
  7599 | D:9      | Reached skill level 10 in Unarmed Combat
  7603 | D:9      | Killed Grum
  7655 | D:9      | Noticed a two-headed ogre
  7669 | D:9      | Killed a two-headed ogre
  7707 | D:9      | Noticed Amaemon
  7707 | D:9      | Noticed an orange demon
  7719 | D:9      | Killed Amaemon
  7722 | D:9      | Killed an orange demon
  7735 | D:9      | Noticed a tengu warrior
  7763 | D:9      | Killed a tengu warrior
  7764 | D:9      | Reached skill level 11 in Unarmed Combat
  7764 | D:9      | Reached XP level 11. HP: 46/107 MP: 10/10
  7903 | D:9      | Reached ** piety under Wu Jian
  8288 | D:9      | Found a glowing silver altar of Zin.
  8467 | D:10     | Entered Level 10 of the Dungeon
  8597 | D:10     | Noticed Fannar
  8610 | D:10     | Killed Fannar
  9031 | D:11     | Reached skill level 12 in Unarmed Combat
  9097 | D:11     | Reached *** piety under Wu Jian
  9216 | D:11     | Noticed a two-headed ogre
  9223 | D:11     | Killed a two-headed ogre
  9276 | D:11     | Found a staircase to the Orcish Mines.
  9300 | D:11     | Found a staircase to the Lair.
  9532 | Lair:1   | Entered Level 1 of the Lair of Beasts
  9768 | Lair:1   | Reached XP level 12. HP: 118/119 MP: 11/11
  9939 | Lair:1   | Reached skill level 13 in Unarmed Combat
  9939 | Lair:1   | Reached **** piety under Wu Jian
 10622 | Lair:2   | Found a runed translucent door.
 10632 | Lair:2   | Noticed markshark's ghost (journeyman MiFi)
 11047 | Lair:2   | Found a staircase to the Swamp.
 11047 | Lair:2   | Noticed an eleionoma
 11054 | Lair:2   | Killed an eleionoma
 11124 | Lair:2   | Reached skill level 14 in Unarmed Combat
 11271 | Lair:3   | Found a staircase to the Snake Pit.
 11367 | Lair:3   | Noticed a boulder beetle
 11377 | Lair:3   | Killed a boulder beetle
 11832 | Lair:3   | Reached XP level 13. HP: 125/130 MP: 12/12
 11871 | Lair:4   | Found a gate leading to a gauntlet.
 11896 | Gauntlet | Entered a Gauntlet
 11896 | Gauntlet | Found a transporter.
 11896 | Gauntlet | Found a transporter.
 11896 | Gauntlet | Found a runed translucent gate.
 11896 | Gauntlet | Found a runed translucent gate.
 11897 | Gauntlet | Found a runed translucent gate.
 11908 | Gauntlet | Found a transporter.
 11935 | Gauntlet | Found a transporter.
 11935 | Gauntlet | Found a transporter.
 11935 | Gauntlet | Found a transporter.
 11937 | Gauntlet | Found a transporter.
 11937 | Gauntlet | Found a transporter.
 11949 | Gauntlet | Found a transporter.
 11965 | Gauntlet | Found a transporter.
 11975 | Gauntlet | Found a transporter.
 11989 | Gauntlet | Found a transporter.
 12009 | Gauntlet | Found a transporter.
 12024 | Gauntlet | Found a transporter.
 12130 | Gauntlet | Identified the ring of Due Proportion {Int+5 Dex+2 Slay+4}
 12161 | Gauntlet | Identified the +12 hand cannon of the Pharaoh's Fist
                  | {heavy, rF++}
 12161 | Gauntlet | Noticed a minotaur
 12178 | Gauntlet | Killed a minotaur
 12184 | Gauntlet | Got the Folio of Glowing Bad Luck
 12465 | Lair:4   | Reached skill level 10 in Shields
 12920 | Lair:4   | Found a runed translucent gate.
 12921 | Lair:4   | Found a runed translucent gate.
 12921 | Lair:4   | Found a runed translucent gate.
 12926 | Lair:4   | Noticed jasper's ghost (journeyman TrFi)
 12926 | Lair:4   | Noticed Palemoclump's ghost (journeyman MiFi)
 12926 | Lair:4   | Noticed Ahar's ghost (journeyman HONe)
 13054 | Lair:4   | Found a viscous altar of Jiyva.
 13054 | Lair:4   | Found a staircase to the Slime Pits.
 13322 | Lair:5   | Entered Level 5 of the Lair of Beasts
 13388 | Lair:5   | Reached ***** piety under Wu Jian
 13398 | Lair:5   | Reached skill level 15 in Unarmed Combat
 13984 | Lair:5   | Found a large runed translucent door.
 14027 | Lair:5   | Reached XP level 14. HP: 117/141 MP: 13/13
 14035 | Lair:5   | Found a large runed translucent door.
 14052 | Lair:5   | Reached skill level 16 in Unarmed Combat
 14297 | Lair:5   | Identified the +5 arbalest of Daminodec {speed, Str+2
                  | Stlth+}
 14700 | Orc:1    | Entered Level 1 of the Orcish Mines
 14779 | Orc:1    | Reached skill level 10 in Dodging
 15203 | Orc:2    | Entered Level 2 of the Orcish Mines
 15204 | Orc:2    | Found a staircase to the Elven Halls.
 15207 | Orc:2    | Found a runed translucent gate.
 15207 | Orc:2    | Found a runed translucent gate.
 15207 | Orc:2    | Found a runed translucent gate.
 15233 | Orc:2    | Noticed NotBatman's ghost (journeyman TrFi)
 15308 | Orc:2    | Reached skill level 10 in Fighting
 15318 | Orc:2    | Reached skill level 17 in Unarmed Combat
 15364 | Orc:2    | Found Zusuxiwo's Antique Weapon Shop.
 15366 | Orc:2    | Found Nagorgh's General Store.
 15374 | Orc:2    | Found Saag's General Store.
 15375 | Orc:2    | Found Jaxoih's Book Boutique.
 15377 | Orc:2    | Bought a scroll of blinking for 135 gold pieces
 15377 | Orc:2    | Bought a potion of invisibility for 144 gold pieces
 15480 | Orc:2    | Reached skill level 18 in Unarmed Combat
 16104 | D:12     | Noticed Gastronok
 16117 | D:12     | Killed Gastronok
 16856 | D:13     | Found a gate to the Vaults.
 17032 | D:13     | Reached skill level 19 in Unarmed Combat
 17044 | D:13     | Reached XP level 15. HP: 144/152 MP: 14/14
 17429 | D:13     | Reached ****** piety under Wu Jian
 18186 | D:15     | Entered Level 15 of the Dungeon
 18259 | D:15     | Found a staircase to the Depths.
 18471 | D:15     | Reached skill level 20 in Unarmed Combat
 18646 | D:15     | Found an ancient bone altar of Kikubaaqudgha.
 18765 | D:15     | Found a sacrificial altar of Ru.
 19260 | Snake:1  | Entered Level 1 of the Snake Pit
 20205 | Snake:1  | Found Pidufiup's Book Shop.
 20206 | Snake:1  | Found Seth's Jewellery Shoppe.
 20206 | Snake:1  | Found Cusumaes's Jewellery Shoppe.
 20318 | Snake:1  | Reached XP level 16. HP: 165/165 MP: 15/15
 20879 | Snake:2  | Found Taschag's Distillery.
 20881 | Snake:2  | Found Peas's Antique Armour Emporium.
 20884 | Snake:2  | Found Ahei's Weapon Shoppe.
 20887 | Snake:2  | Bought a potion of curing for 54 gold pieces
 20887 | Snake:2  | Bought a potion of resistance for 180 gold pieces
 20887 | Snake:2  | Bought a potion of curing for 54 gold pieces
 20887 | Snake:2  | Bought a potion of haste for 180 gold pieces
 20891 | Snake:2  | Bought a throwing net for 45 gold pieces
 21026 | Snake:2  | Noticed Vashnia
 21038 | Snake:2  | Killed Vashnia
 21175 | Snake:2  | Noticed Frances
 21182 | Snake:2  | Killed Frances
 21191 | Snake:2  | Reached skill level 21 in Unarmed Combat
 21229 | Snake:2  | Noticed Roxanne
 21256 | Snake:2  | Killed Roxanne
 21345 | Snake:2  | Found Cedder's Jewellery Emporium.
 21426 | Snake:2  | Noticed Jorgrun
 21442 | Snake:2  | Killed Jorgrun
 21443 | Snake:2  | Reached skill level 1 in Shapeshifting
 22690 | Snake:3  | Reached skill level 5 in Shapeshifting
 23686 | Snake:4  | Entered Level 4 of the Snake Pit
 24495 | Snake:4  | Found Ruasuen's Antique Armour Emporium.
 24503 | Snake:4  | Found Zoheck's Distillery.
 24566 | Snake:4  | Bought a potion of enlightenment for 80 gold pieces
 24566 | Snake:4  | Bought a potion of heal wounds for 80 gold pieces
 24566 | Snake:4  | Bought a potion of curing for 48 gold pieces
 24566 | Snake:4  | Bought a potion of curing for 48 gold pieces
 24566 | Snake:4  | Bought 2 potions of invisibility for 256 gold pieces
 24713 | Snake:4  | Reached XP level 17. HP: 131/172 MP: 14/16
 24869 | Snake:4  | Found Suwimammil's Antique Armour Shoppe.
 24904 | Snake:4  | Reached skill level 10 in Shapeshifting
 25106 | Snake:4  | HP: 2/174 [salamander/+0 halberd (9)]
 25106 | Snake:4  | Slain by a salamander

Illustrated notes

Levels and vault maps discovered:
D:1:      eino_arrival_cavern_c, layout_loops_cross,
          chequers_ecumenical_altar_island, minmay_tetromino_o4
D:2:      layout_loops_ring, basic_altar
D:3:      minmay_angry_zag, layout_rooms, ashenzari_altar_1
D:4:      layout_basic, nicolae_uskayaw_dance_hall,
          pdpol_wu_jian_five_deadly_venoms, dk_noncrumbling_3, uniq_edmund
D:5:      nicolae_cairo_tiling_very_big, layout_layer_cave,
          mainiacjoe_overflow_chevrons, mainiacjoe_overflow_tiny_flanked,
          jmf_multi_god_temple, enter_ossuary_4, kennysheep_generic_room_14
D:6:      layout_rooms, mainiacjoe_overflow_24_doors, temple_hall,
          dreamdust_princess_bridge, interstate_on_off, minmay_starry_boxes,
          uniq_crazy_yiuf_cottage, uniq_eustachio, uniq_grinder
D:7:      layout_layer_cave
D:8:      layout_basic, general_overflow_altar, minmay_evil_grid
D:9:      layout_basic, zin_statuary, uniq_amaemon, uniq_grum
D:10:     layout_cave_pools, uniq_fannar
D:11:     layout_cave_pools, lair_entry_dummy, orc_0_dummy
D:12:     layout_loops_cross, st_stairs_7, uniq_gastronok
D:13:     layout_big_octagon, erik_vaults_1, chequers_big_river
D:14:     layout_grid_maze, kennysheep_boxes
D:15:     gammafunk_depths_entry_grave, layout_loops_cross,
          nicolae_ru_the_path_less_chosen, kiku_gazebo_pond_becter
Temple:   nicolae_temple_godzebo
Lair:1:   layout_regular_city, grunt_megastairs_5
Lair:2:   layout_loops_ring, alex1729_swamp_entry_worm_eleionoma,
          ebering_ghost_reflecting_pool, serial_bayou, serial_bayou_ford_a,
          serial_bayou_pond_c, serial_bayou_pond_e, serial_bayou_lake_a,
          serial_bayou_crossing, minmay_lair_oklob_bushes, hibernation_bobbens
Lair:3:   layout_concentric_octagons, minmay_snake_entry_guardpost_small,
          nicolae_quartered_pool_little, serial_bayou_pond_e
Lair:4:   layout_layer_cave, dpeg_slime_entry_enclosed, gauntlet_entry_generic,
          nicolae_volcano_entry_batcave, gammafunk_ghost_cemetery,
          lemuel_fruit_tree
Lair:5:   cheibrodos_lair_end_hotspot, layout_concentric_octagons, st_stairs_13
Snake:1:  kennysheep_six_static_rooms, layout_onion_interference,
          grunt_ministairs_7, serial_library_regret_index_turning,
          nicolae_snake_coiling_death, minmay_shop_grove, serial_bayou_shore_a
Snake:2:  layout_layer_cave, serial_shops, nicolae_shop_gaudy_bauble,
          minmay_shop_star, uniq_jorgrun, uniq_frances, uniq_roxanne,
          uniq_vashnia
Snake:3:  layout_concentric_octagons, drop_trap, nicolae_snake_linked_coils
Snake:4:  snake_pit_salamanders_mu, layout_onion, serial_shops, shop,
          minmay_shoptagon, uniq_louise
Orc:1:    layout_caves
Orc:2:    st_orc_open, layout_caves, maelrawn_ghost_gauntlet_escape,
          minmay_orc_keep

Skill      XL: |  1  2  3  4  5  6  7  8  9 10 11 12 13 14 15 16 17 |
---------------+----------------------------------------------------+-----
Shields        | 3 4 5 6 7 8 9 10 11 12 13 | 13.2
Unarmed Combat | 3 4 5 6 7 9 11 12 14 15 19 20 21 | 21.0
Fighting       | 3 4 5 6 7 8 9 10 11 12 | 12.1
Dodging        | 3 4 5 6 7 8 9 10 | 10.0
Shapeshifting  | 9 10 | 10.3

Action                     |  1- 3 |  4- 6 |  7- 9 | 10-12 | 13-15 | 16-18 || total
---------------------------+-------+-------+-------+-------+-------+-------++-------
  Melee: Unarmed           |    62 |    67 |   371 |   695 |  1235 |   458 ||  2888
   Fire: Sling             |    44 |    28 |       |       |       |       ||    72
         Hand cannon       |       |       |       |       |     1 |       ||     1
  Throw: Boomerang         |       |       |       |     4 |       |       ||     4
 Invoke: Serpent's Lash    |       |       |       |     1 |     5 |     1 ||     7
         Heavenly Storm    |       |       |       |       |     1 |     2 ||     3
Ability: Lunge             |       |       |    16 |    54 |   108 |    43 ||   221
         Whirlwind         |       |       |       |   218 |   458 |   116 ||   792
         Wall Jump         |       |       |       |       |     3 |       ||     3
         Begin Untransform |       |       |       |       |       |     1 ||     1
  Evoke: Wand              |       |       |     1 |     3 |     9 |       ||    13
    Use: Scroll            |     7 |       |    18 |     4 |     7 |       ||    36
         Potion            |       |       |     3 |     5 |     6 |     6 ||    20
   Stab: Invisible         |       |       |       |       |     2 |       ||     2
         Sleeping          |       |       |       |       |     1 |       ||     1
 Armour: Robe              |    47 |       |       |       |       |       ||    47
         Animal skin       |     5 |    46 |   171 |   330 |   439 |   202 ||  1193
  Dodge: Dodged            |    24 |    14 |    88 |   200 |   312 |    85 ||   723
  Block: Kite shield       |    34 |    30 |   159 |   364 |   799 |   311 ||  1697
         Reflection        |       |       |       |       |    63 |    59 ||   122
   Form: Statue            |       |       |       |       |       |     1 ||     1

Table legend: (Time is in decaauts)
 A = Elapsed time spent in this place.
 B = Non-inter-level travel time spent in this place.
 C = Inter-level travel time spent in this place.
 D = Time resting spent in this place.
 E = Time spent auto-exploring this place.
 F = Levels seen in this place.
 G = Mean time per level.
                   A        B        C        D        E       F      G
               +--------+--------+--------+--------+--------+-----+--------+
         Total |  24910 |  23587 |   1323 |   1563 |  16766 |  29 |  859.0 |
       Dungeon |  12434 |  11528 |    906 |    471 |   8666 |  15 |  828.9 |
        Temple |      1 |      0 |      1 |      0 |      0 |   1 |    1.0 |
          Lair |   4865 |   4606 |    259 |     81 |   3290 |   5 |  973.0 |
     Snake Pit |   5736 |   5636 |    100 |    939 |   3632 |   4 | 1434.0 |
  Orcish Mines |   1370 |   1314 |     56 |     32 |    965 |   2 |  685.0 |
       Ossuary |    194 |    194 |      0 |      0 |     62 |   1 |  194.0 |
      Gauntlet |    307 |    307 |      0 |     38 |    151 |   1 |  307.0 |
               +--------+--------+--------+--------+--------+-----+--------+

Top non-repeatable levels by time:
 Snake:2: 1574 daAuts
 Snake:1: 1552 daAuts
     D:5: 1456 daAuts
 Snake:4: 1401 daAuts
  Lair:5: 1261 daAuts
 Snake:3: 1208 daAuts
  Lair:4: 1188 daAuts
     D:4: 1180 daAuts
     D:7: 1168 daAuts
     D:6: 1106 daAuts
    D:15: 911 daAuts
  Lair:2: 898 daAuts
  Lair:1: 895 daAuts
     D:9: 872 daAuts
   Orc:2: 865 daAuts
